 Dungeon Crawl Stone Soup version 0.30-b1-2-g02819fbbbe (webtiles) character file.

Game seed: 4253220032869343342

4 Level1Goblin the Covered (level 1, 0/17 HPs)
             Began as a Gnoll Wanderer on Dec 21, 2023.
             Succumbed to a gnoll's poison
             ... on level 1 of the Dungeon.
             The game lasted 00:03:14 (240 turns).

Level1Goblin the Covered (Gnoll Wanderer)            Turns: 240, Time: 00:03:14

Health: 0/17       AC:  9    Str: 12    XL:     1   Next: 60%
Magic:  4/4        EV:  9    Int: 11    God:
Gold:   27         SH:  0    Dex: 10    Spells: 4/5 levels left

rFire   . . .        a - +0 club
rCold   . . .        (no shield)
rNeg    . . .        b - +0 scale mail
rPois   .            e - +0 helmet
rElec   .            (no cloak)
rCorr   .            (no gloves)
SInv    .            (no boots)
Will    .....        (no amulet) Stlth
                     (no ring)
HPRegen 0.22/turn    (no ring)
MPRegen 0.09/turn

%: no passive effects
@: lethally poisoned (0 -> -10)
A: fangs 1, strong nose, distributed training
a: no special abilities


You were on level 1 of the Dungeon.
You visited 1 branch of the dungeon, and saw 1 of its levels.

You collected 27 gold pieces.

Inventory:

Hand Weapons
 a - a +0 club (weapon)
 h - a +0 sling
 i - a +0 club
Missiles
 j - a stone
Armour
 b - a +0 scale mail (worn)
 e - a +0 helmet (worn)
Scrolls
 g - a scroll of fog {unknown}
Potions
 c - a potion of mutation
 d - a potion of lignification
 f - a potion of heal wounds {unknown}


   Skills:
 + Level 2.4 Fighting
 + Level 0.1 Short Blades
 + Level 0.1 Long Blades
 + Level 0.1 Axes
 + Level 0.1 Maces & Flails
 + Level 0.1 Polearms
 + Level 0.1 Staves
 + Level 0.1 Ranged Weapons
 + Level 0.1 Throwing
 + Level 6.4 Armour
 + Level 0.1 Dodging
 + Level 0.1 Stealth
 + Level 0.1 Shields
 + Level 2.4 Unarmed Combat
 + Level 2.6 Spellcasting
 + Level 0.1 Conjurations
 + Level 0.1 Hexes
 + Level 0.1 Summonings
 + Level 0.1 Necromancy
 + Level 0.1 Translocations
 + Level 0.1 Transmutations
 + Level 0.1 Fire Magic
 + Level 5.3 Ice Magic
 + Level 0.1 Air Magic
 + Level 0.1 Earth Magic
 + Level 0.1 Poison Magic
 + Level 0.2 Invocations
 + Level 2.4 Evocations


You had 4 spell levels left.
You knew the following spells:

 Your Spells              Type           Power      Damage    Failure   Level
a - Freeze                Ice            52%        1d6       13%         1

Your spell library contained the following spells:

 Spells                   Type           Power      Damage    Failure   Level
 Summon Small Mammal      Summ           4%         N/A       75%         1
 Hailstorm                Conj/Ice       7%         3d4       75%         3
 Call Canine Familiar     Summ           1%         N/A       98%         3
 Summon Guardian Golem    Hex/Summ       1%         N/A       98%         3
 Ice Form                 Ice/Tmut       7%         N/A       98%         4


Dungeon Overview and Level Annotations

Branches:
Dungeon (1/15)

Altars:


Innate Abilities, Weirdness & Mutations

You have very sharp teeth.
Your uncanny sense of smell can sniff out nearby items.
Your experience applies equally to all skills.


Message History

Aim: a kobold, wielding a +0 club and quivering stones (about 50% to evade your +0 club)
Your weapon can't reach that far!
Okay, then.
Press: ? - help, v - describe, . - travel
Here: a kobold, wielding a +0 club and quivering stones The floor.
You hit the kobold.
You kill the kobold!
Things that are here:
a +0 club; a stone
Things that are here:
a +0 club; a stone
i - a +0 club;
j - a stone
Found a stone staircase leading down.
There is a stone staircase leading down here.
A gnoll comes into view. It is wielding a +2 spear of venom.
The gnoll shouts!
The gnoll hits you but does no damage.
You are poisoned.
You feel very sick. The gnoll hits you but does no damage.
You feel sick. The gnoll barely misses you.
You hit the gnoll. Your bite misses the gnoll.
The gnoll is moderately wounded.
You feel sick. The gnoll closely misses you.
The gnoll hits you but does no damage.
You are lethally poisoned!
You hit the gnoll. You bite the gnoll.
The gnoll is heavily wounded.
You feel very sick. The gnoll hits you but does no damage.
You are more poisoned.
You hit the gnoll but do no damage. You bite the gnoll.
The gnoll is severely wounded.
* * * LOW HITPOINT WARNING * * *
You feel very sick. The gnoll barely misses you.
You hit the gnoll but do no damage.
The gnoll is severely wounded.
You die...

.. .. ..
.########## .#
........@g# .#
..#####.#.......
.# #.#######.
.####### #.####
#.# .......# ∆
#>...# #.#
.#####.# ####.#
#.# .# #.##.#
#####.########.#
.# #.##.#
#...........##.#
.# #.##.#
#.###.#####.##.#


You could see a gnoll.

Vanquished Creatures
  An endoplasm (D:1)
  A giant cockroach (D:1)
  A kobold (D:1)
  A rat (D:1)
4 creatures vanquished.

Notes
Turn   | Place    | Note
-------+----------+-------------------------------------------
     0 | D:1      | Level1Goblin the Gnoll Wanderer began the quest for the
                  | Orb.
     0 | D:1      | Level1Goblin set off with the following items: a +0 club, a
                  | +0 scale mail, a potion of mutation, a potion of
                  | lignification; and the following spell memorised: Freeze;
                  | and the following spells available to memorise: Hailstorm,
                  | Ice Form.
     0 | D:1      | Reached XP level 1. HP: 17/17 MP: 4/4
   240 | D:1      | Succumbed to a gnoll's poison

Illustrated notes

Levels and vault maps discovered:
D:1:      lemuel_arrival_room, layout_loops_ring, minmay_misc_feat_encased,
          corexii_hall_statues_s

Action                     || total
---------------------------++-------
  Melee: Club              ||    13
         Bite              ||     2
         Punch             ||     1
 Armour: Scale mail        ||     8
  Dodge: Dodged            ||     5
